 Dungeon Crawl Stone Soup version 0.28.0-45-g0d030f2227 (webtiles) character file.

Game seed: 5315561452753267764

13 Andrea the Magician (level 2, 0/21 HPs)
             Began as a Djinni Hedge Wizard on Apr 6, 2022.
             Slain by a giant cockroach (1 damage)
             ... on level 1 of the Dungeon.
             The game lasted 00:01:08 (535 turns).

Andrea the Magician (Djinni Hedge Wizard)            Turns: 535, Time: 00:01:09

Health: 0/21       AC:  2    Str:  9    XL:     2   Next: 50%
Gold:   10         EV: 12    Int: 15    God:
                   SH:  0    Dex: 12

rFire   + + .      SeeInvis .   a - +0 dagger
rCold   x . .      Faith    .   (no shield)
rNeg    . . .      Spirit   .   b - +0 robe
rPois   ∞          Reflect  .   c - +0 hat
rElec   .          Harm     .   (no cloak)
rCorr   .          Rampage  .   (no gloves)
Will    .....                   (boots unavailable)
Stlth   ++........              (no amulet)
HPRegen 0.07/turn               (no ring)
MPRegen 0.00/turn               (no ring)

@: flying
A: sickness immunity, fire resistance 2, cold vulnerability 1, float, innate
caster, HP casting, extra vitality 1
a: no special abilities


You were on level 1 of the Dungeon.
You visited 1 branch of the dungeon, and saw 1 of its levels.

You collected 10 gold pieces.

Inventory:

Hand Weapons
 a - a +0 dagger (weapon)
Armour
 b - a +0 robe (worn)
 c - a +0 hat (worn)


   Skills:
 - Level 2.1 Dodging
 - Level 1.5 Stealth
 * Level 3.0 Spellcasting


You couldn't memorise any spells.
You knew the following spells:

 Your Spells              Type           Power      Damage    Failure   Level
a - Magic Dart            Conj           44%        1d5       6%          1
b - Blink                 Tloc           22%        N/A       9%          2
c - Call Imp              Summ           11%        N/A       9%          2
d - Slow                  Hex            44%        N/A       6%          1
e - Conjure Flame         Conj/Fire      11%        6-21      17%         3
f - Mephitic Cloud        Conj/Pois/Air  11%        N/A       17%         3
Your spell library was empty.

Dungeon Overview and Level Annotations

Branches:
Dungeon (1/15)

Altars:


Innate Abilities, Weirdness & Mutations

You are immune to sickness and miasma.
You are immune to poison.
Your flesh is very heat resistant. (rF++)
You are vulnerable to cold. (rC-)
You float through the air rather than walking.
You learn spells naturally, not from books.
Your magical power is your life essence.
You have superior vitality. (+4 MHP)


Message History

The rat misses you. The rat bites you.
* * * LOW HITPOINT WARNING * * *
The giant cockroach misses you.
You see here a bat skeleton.
The rat bites you.
* * * LOW HITPOINT WARNING * * *
The giant cockroach closely misses you. The giant cockroach closely misses you.
Casting: Magic Dart (safe; 6% risk of failure)
Confirm with . or Enter, or press ? or * to list all spells.
Aiming: Magic Dart (safe; 6% risk of failure)
Press: ? - help, Shift-Dir - straight line, f - giant cockroach
Aim: a giant cockroach (moderately wounded, 100% to hit)
The magic dart hits the giant cockroach but does no damage.
The giant cockroach is moderately wounded.
* * * LOW HITPOINT WARNING * * *
The giant cockroach bites you but does no damage.
Casting: Magic Dart (safe; 6% risk of failure)
Confirm with . or Enter, or press ? or * to list all spells.
Aiming: Magic Dart (safe; 6% risk of failure)
Press: ? - help, Shift-Dir - straight line, f/p - giant cockroach
Aim: a giant cockroach (moderately wounded, 100% to hit)
The magic dart hits the giant cockroach but does no damage.
The giant cockroach is moderately wounded.
* * * LOW HITPOINT WARNING * * *
The giant cockroach bites you but does no damage.
Casting: Magic Dart (safe; 6% risk of failure)
Confirm with . or Enter, or press ? or * to list all spells.
You don't have enough health to cast this spell.
You see here a frilled lizard skeleton.
The giant cockroach closely misses you.
You see here a +0 dagger.
The giant cockroach bites you but does no damage.
The giant cockroach bites you.
* * * LOW HITPOINT WARNING * * *
You barely miss the giant cockroach.
The giant cockroach is moderately wounded.
The giant cockroach bites you.
You die...

#.#.#..............
#.#.#...÷###....###
########.#......+.'.....÷.
#.....##.###.)..###.......
#.....#...................
##.....#>.hr...............
#.........##############...
#......#.#### #...
#......#hB@.# #...
#......####.# #..> #.######
.# #.# .# #.# .# #.# .# #.#
.# ######'### #####+##
#........# #......#


You could see a jackal and a giant cockroach.

Vanquished Creatures
  2 ball pythons (D:1)
  An endoplasm (D:1)
  2 jackals (D:1)
  4 bats (D:1)
  A frilled lizard (D:1)
  2 kobolds (D:1)
  A rat (D:1)
13 creatures vanquished.

Notes
Turn   | Place    | Note
-------+----------+-------------------------------------------
     0 | D:1      | Andrea the Djinni Hedge Wizard began the quest for the Orb.
     0 | D:1      | Reached XP level 1. HP: 15/15 MP: 0/0
   294 | D:1      | Reached XP level 2. HP: 19/21 MP: 0/0
   508 | D:1      | Reached skill level 3 in Spellcasting
   534 | D:1      | HP: 1/21 [giant cockroach (1)]
   535 | D:1      | Slain by a giant cockroach

Illustrated notes

Levels and vault maps discovered:
D:1:      dpeg_arrival_tiny_d, layout_basic,
          hellmonk_ecumenical_altar_pennies_from_heaven, hex_large

Skill      XL: |  1  2 |
---------------+-------+-----
Spellcasting   | 3 |  3.0
Dodging        | |  2.1
Stealth        | |  1.5

Action                   || total
-------------------------++-------
Melee: Dagger            ||     3
       Punch             ||     1
 Cast: Magic Dart        ||    34
Armor: Robe              ||     4
Dodge: Dodged            ||    23
